 Dungeon Crawl Stone Soup version 0.29.0-4-gdea44cf6ec (webtiles) character file.

Game seed: 6382054613883027208

16 qw the Chopper (level 2, -6/17 HPs)
             Began as a Tengu Warper on Aug 28, 2022.
             Mangled by a gnoll
             ... wielding a +0 spear
              (9 damage)
             ... on level 1 of the Dungeon.
             The game lasted 00:00:03 (612 turns).

qw the Chopper (Tengu Warper)                        Turns: 612, Time: 00:00:04

Health: -6/17      AC:  3    Str: 11    XL:     2   Next: 58%
Magic:  6/6        EV: 11    Int: 13    God:
Gold:   54         SH:  0    Dex: 13    Spells: 5/5 levels left

rFire   . . .      SeeInvis .   a - +0 hand axe
rCold   . . .      Faith    .   (no shield)
rNeg    . . .      Spirit   .   b - +0 leather armour
rPois   .          Reflect  .   (helmet restricted)
rElec   .          Harm     .   (no cloak)
rCorr   .          Rampage  .   (no gloves)
Will    .....                   (boots unavailable)
Stlth   +.........              (no amulet)
HPRegen 0.05/turn               (no ring)
MPRegen 0.10/turn               (no ring)

@: no status effects
A: beak, talons 3
a: no special abilities


You were on level 1 of the Dungeon.
You visited 1 branch of the dungeon, and saw 1 of its levels.

You collected 54 gold pieces.


Innate Abilities, Weirdness & Mutations

You have a beak for a mouth.
You have claws for feet.


   Skills:
 - Level 2.0 Fighting
 + Level 3.4 Axes
 - Level 1.0 Throwing
 - Level 1.1 Armour
 - Level 2.1 Dodging
 - Level 2.0 Spellcasting
 - Level 2.4 Translocations


You had 5 spell levels left.
You didn't know any spells.
Your spell library contained the following spells:

 Spells                   Type           Power      Damage    Failure   Level
 Blink                    Tloc           14%        N/A       19%         2
 Gell's Gravitas          Tloc           7%         N/A       36%         3
 Lesser Beckoning         Tloc           7%         N/A       36%         3
 Teleport Other           Tloc           7%         N/A       36%         3
 Manifold Assault         Tloc           7%         N/A       98%         5

Inventory:

Hand Weapons
 a - a +0 hand axe (weapon)
 e - a +0 mace
Armour
 b - a +0 leather armour (worn)
Scrolls
 c - a scroll of blinking
 f - 2 scrolls of identify {unknown}

Dungeon Overview and Level Annotations

Branches:
Dungeon (1/15)

Altars:


Message History

You barely miss the kobold. The kobold hits you with a +0 whip.
You hit the kobold.
You kill the kobold!
You start resting.
HP restored.
You see here a +0 whip.
You see here a +0 whip.
A gnoll comes into view. It is wielding a +0 spear.
The gnoll shouts!
A jackal comes into view.
A quokka comes into view.
A jackal comes into view.
The jackal barks! x2
A hobgoblin comes into view.
The hobgoblin shouts!
The jackal bites you. The quokka bites you. The jackal barely misses you.
The gnoll misses you.
You barely miss the jackal. Your kick misses the jackal. You peck the jackal.
The jackal is lightly wounded.
You barely miss the jackal. You closely miss the quokka.
The quokka closely misses you.
The jackal bites you but does no damage.
The jackal bites you.
The gnoll hits you from afar with a +0 spear.
The quokka closely misses you.
You hit the jackal. Your kick misses the jackal.
The jackal is moderately wounded.
You hit the jackal. You hit the quokka.
The jackal bites you but does no damage.
The jackal barely misses you. The jackal misses you. The jackal bites you.
The quokka bites you but does no damage.
The gnoll hits you but does no damage.
You hit the quokka. Your kick misses the quokka.
The quokka is severely wounded.
You barely miss the jackal. x2
The jackal misses you. The jackal bites you. The quokka closely misses you.
The gnoll hits you from afar with a +0 spear!
Ouch! That really hurt!
You die...

......#.....#
#.#...#.....#
#.#...#.....# .
#.#...#.....###### ..
.%#.#.#..........# ...
......#.....####.# ....
......#.###### #.# .....
#######
#####........###.#......
.......#
........####....@hg.....
......%.
........########hr......
....%... #######.).##
#g....### #..... ###..#
#.....# #....% ##.#
#.....# #..... #.###
#.....# #..... #...#
####### ########## ###.#
#).....##. #.######
###......'..


You could see a gnoll, a quokka, 2 jackals and a hobgoblin.

Vanquished Creatures
  3 endoplasms (D:1)
  A hobgoblin (D:1)
  2 ball pythons (D:1)
  4 bats (D:1)
  3 kobolds (D:1)
  5 rats (D:1)
18 creatures vanquished.

Notes
Turn   | Place    | Note
-------+----------+-------------------------------------------
     0 | D:1      | qw the Tengu Warper began the quest for the Orb.
     0 | D:1      | Reached XP level 1. HP: 12/12 MP: 4/4
     0 | D:1      | 0 ||| qw: Version: 0.1-a-89-g26bdef1
     0 | D:1      | 0 ||| qw: Game counter: 1639
     0 | D:1      | 0 ||| qw: Always use a shield: true
     0 | D:1      | 0 ||| qw: God list: Okawaru
     0 | D:1      | 0 ||| qw: Allow faded altars: false
     0 | D:1      | 0 ||| qw: Do Orc after D:15 true
     0 | D:1      | 0 ||| qw: Do second Lair branch before Depths: true
     0 | D:1      | 0 ||| qw: Lair rune preference: random
     0 | D:1      | 0 ||| qw: Plans: Normal
     0 | D:1      | 0 ||| PLANNING D:1-11
    87 | D:1      | 87 ||| Stepping ~*~*~tactically~*~*~ (stealth).
    89 | D:1      | 89 ||| Stepping ~*~*~tactically~*~*~ (stealth).
    93 | D:1      | Reached skill level 3 in Axes
    93 | D:1      | Reached XP level 2. HP: 9/17 MP: 6/6
   612 | D:1      | HP: 3/17 [jackal (2)]
   612 | D:1      | Mangled by a gnoll

Levels and vault maps discovered:
D:1:      eino_arrival_cavern_a, layout_basic

Skill      XL: |  1 |
---------------+----+-----
Axes           | 3 |  3.4
Fighting       | |  2.0
Throwing       | |  1.0
Armour         | |  1.1
Dodging        | |  2.1
Spellcasting   | |  2.0
Translocations | |  2.4

Action                   || total
-------------------------++-------
Melee: Hand axe          ||    38
       Peck              ||     5
       Kick              ||     5
Throw: Boomerang         ||     7
Armor: Leather armour    ||    16
Dodge: Dodged            ||    19

Table legend:
 A = Non-vault XP
 B = Vault XP
 C = Vault XP percentage of total XP
 D = Non-vault monster count
 E = Vault monster count
 F = Vault count percentage of total count
                 A         B        C        D         E       F
            +---------+---------+-------+---------+---------+-------
      Total |      24 |       0 |   0.0 |      18 |       0 |   0.0
            +---------+---------+-------+---------+---------+-------
        D:1 |      24 |       0 |   0.0 |      18 |       0 |   0.0
            +---------+---------+-------+---------+---------+-------
